Map: Defender's Landing LE

Players

PirateDnBoy - Winner!

  • Race: Zerg Zerg
  • Spawn Location: 7:00

Yata

  • Race: Zerg Zerg
  • League: Silver
  • Spawn Location: 1:00

VOD

Have the link to the VOD?

Description

Time

  • Played on: July 10, 2017, 5:59 p.m.
  • Length: 2:31
Show
View Real Time Build Order
Export as new Build Order

PirateDnBoy Zerg - Winner!

Build Orders: Pool Only 

Get SALT Encoding   

  12  0:03  Drone  
  13  0:08  Drone  
  14  0:26  Spawning Pool  
  13  0:34  Overlord  
  13  0:39  Extractor  
  13  0:41  Drone  
  13  0:44  Drone  
  14  1:13  Zergling x6  
  17  1:28  Queen  
  19  1:42  Overlord  
  19  1:47  Zergling x2  
  20  2:13  Zergling x2  
  20  2:14  Zergling x2  
Show
View Real Time Build Order
Export as new Build Order

Yata Zerg 

Build Orders: Hatch First 

Get SALT Encoding   

  12  0:01  Drone  
  13  0:14  Overlord  
  13  0:23  Drone  
  14  0:32  Drone x2  
  16  0:37  Drone  
  17  0:55  Hatchery  
  16  0:59  Drone  
  16  1:01  Drone  
  18  1:05  Extractor  
  17  1:19  Spawning Pool  
  17  1:23  Drone x2  
  18  1:30  Overlord  
  18  1:57  Drone  
Tags
 
League
Silver
Matchup
ZvZ
Race
Zerg
Replay Pack
Pack 1
Spawn Locations
Cross Positions
Add a new tag
Caveats
  • Supply blocks, unpowered buildings, or Contaminate may cause inaccurate times.
  • Supply counts are checked every 10 seconds.